 Dungeon Crawl Stone Soup version 0.28-a0-413-gde365fb1df (webtiles) character file.

Game seed: 13537753882861088274

34 Tocho the Gusty (level 3, -2/19 HPs)
             Began as a Tengu Air Elementalist on Sept 7, 2021.
             Slain by an adder (4 damage)
             ... on level 2 of the Dungeon.
             The game lasted 00:03:47 (1595 turns).

Tocho the Gusty (Tengu Air Elementalist)            Turns: 1595, Time: 00:03:48

Health: -2/19      AC:  2    Str:  9    XL:     3   Next: 31%
Magic:  5/7        EV: 12    Int: 15    God:
Gold:   45         SH:  0    Dex: 14    Spells: 5/6 levels left

rFire   . . .      SeeInvis .   g - +0 short sword
rCold   . . .      Faith    .   (no shield)
rNeg    . . .      Spirit   .   a - +0 robe
rPois   .          Reflect  .   (helmet restricted)
rElec   .          Harm     .   (no cloak)
rCorr   .          Rampage  .   (no gloves)
Will    .....                   (boots unavailable)
Stlth   ++........              (no amulet)
HPRegen 0.06/turn               (no ring)
MPRegen 0.10/turn               (no ring)

@: no status effects
A: beak, talons 3
a: no special abilities


You were on level 2 of the Dungeon.
You visited 1 branch of the dungeon, and saw 2 of its levels.

You collected 45 gold pieces.

Inventory:

Hand Weapons
 b - a +0 dagger
 g - a +0 short sword (weapon)
Missiles
 c - 46 stones
 e - 9 bolts
 i - 15 poisoned darts (quivered)
Armour
 a - a +0 robe (worn)
Potions
 d - a potion of brilliance {unknown}
 f - a potion of mutation {unknown}
 h - a potion of haste {unknown}


   Skills:
 + Level 0.5 Short Blades
 + Level 2.5 Dodging
 + Level 2.1 Stealth
 + Level 2.3 Spellcasting
 + Level 1.5 Conjurations
 + Level 4.9 Air Magic


You had 5 spell levels left.
You knew the following spells:

 Your Spells              Type           Power      Damage    Failure   Level
a - Shock                 Conj/Air       44%        1d5       6%          1

Your spell library contained the following spells:

 Spells                   Type           Power      Damage    Failure   Level
 Static Discharge         Conj/Air       11%        N/A       9%          2
 Swiftness                Air            16%        N/A       9%          3
 Airstrike                Air            8%         N/A       28%         4


Dungeon Overview and Level Annotations

Branches:
Dungeon (2/15)

Altars:
Hepliaklqana

Shops:
D:1 (


Innate Abilities, Weirdness & Mutations

You have a beak for a mouth.
You have claws for feet.


Message History

You throw a poisoned dart. The poisoned dart hits the goblin.
The goblin is poisoned.
The goblin shouts!
A kobold comes into view. It is wielding a +0 short sword.
You barely miss the goblin.
The kobold shouts!
You claw the goblin.
You kill the goblin!
An adder comes into view.
You closely miss the kobold.
The adder hisses angrily.
The kobold hits you with a +0 short sword.
The adder bites you.
You are poisoned.
The adder poisons you!
You feel sick.
You feel sick.
You feel sick.
You feel sick. The adder barely misses you. The adder closely misses you.
You feel sick.
Casting: Shock (safe; 6% risk of failure)
Confirm with . or Enter, or press ? or * to list all spells.
Aiming: Shock (safe; 6% risk of failure)
Press: ? - help, Shift-Dir - straight line, f - adder
Aim: an adder (48% to hit)
The zap hits the adder.
The adder is moderately wounded.
You feel sick.
You are no longer poisoned.
The adder bites you.
* * * LOW HITPOINT WARNING * * *
Casting: Shock (safe; 6% risk of failure)
Confirm with . or Enter, or press ? or * to list all spells.
Aiming: Shock (safe; 6% risk of failure)
Press: ? - help, Shift-Dir - straight line, f/p - adder
Aim: an adder (moderately wounded, 48% to hit)
The zap hits the adder.
The adder is moderately wounded.
The zap misses the kobold.
The adder bites you.
You die...

.....#...#
#........
#........
#.......#
#.......#
#......<#
#.......###
#.........####
#########.@S.###
####K..### #
#........#..
#...........$
#............
#.)..........
#........##.#
..(.........>...
...............


You could see an adder and a kobold.

Vanquished Creatures
  2 dart slugs (D:1)
  5 endoplasms
  2 goblins
  4 hobgoblins (D:1)
  3 jackals (D:1)
  6 bats (D:1)
  5 kobolds (D:1)
  A rat (D:1)
28 creatures vanquished.

Notes
Turn   | Place    | Note
-------+----------+-------------------------------------------
     0 | D:1      | Tocho the Tengu Air Elementalist began the quest for the
                  | Orb.
     0 | D:1      | Reached XP level 1. HP: 10/10 MP: 4/4
   270 | D:1      | Reached XP level 2. HP: 7/15 MP: 4/6
   646 | D:1      | Found Hoeradu's Weapon Shoppe.
  1023 | D:1      | Reached XP level 3. HP: 19/19 MP: 3/7
  1295 | D:1      | Found a faded altar of an unknown god.
  1567 | D:2      | Found a hazy altar of Hepliaklqana.
  1595 | D:2      | Slain by an adder

Illustrated notes

Levels and vault maps discovered:
D:1:      onia_arrival_mini_maze_b, layout_basic, serial_shops,
          nicolae_shop_stone, chequers_ecumenical_altar_lobes,
          minmay_misc_feat_room, nrook_mini_backslash
D:2:      layout_rooms, basic_altar, minmay_close_crescents

Action                   || total
-------------------------++-------
Melee: Dagger            ||     8
       Kick              ||     6
       Short sword       ||    13
       Peck              ||     1
Throw: Stone             ||     2
       Dart              ||     9
 Cast: Shock             ||    33
 Stab: Sleeping          ||     1
Armor: Robe              ||     3
Dodge: Dodged            ||    25

Table legend: (Time is in decaauts)
 A = Elapsed time spent in this place.
 B = Non-inter-level travel time spent in this place.
 C = Inter-level travel time spent in this place.
 D = Time resting spent in this place.
 E = Time spent auto-exploring this place.
 F = Levels seen in this place.
 G = Mean time per level.
                   A        B        C        D        E       F      G
               +--------+--------+--------+--------+--------+-----+--------+
         Total |   1594 |   1586 |      8 |      0 |   1410 |   2 |  797.0 |
       Dungeon |   1594 |   1586 |      8 |      0 |   1410 |   2 |  797.0 |
               +--------+--------+--------+--------+--------+-----+--------+

Top non-repeatable levels by time:
     D:1: 1567 daAuts
     D:2: 27 daAuts
